 Dungeon Sprint DCSS version 0.29.1-12-g30fa7ad0bf (webtiles) character file.

Game seed: 1155087769646131464

1917 112233 the Severer (level 9, -4/90 HPs)
             Began as a Hill Orc Fighter on Dec 25, 2022.
             Was a Priest of the Shining One.
             Slain by a meliai
             ... wielding a +0 war axe of electrocution
              (9 damage)
             ... in the Dungeon (Sprint IX: "|||||||||||||||||||||||||||||").
             The game lasted 00:02:37 (659 turns).

112233 the Severer (Hill Orc Fighter)                Turns: 659, Time: 00:02:37

Health: -4/90      AC: 18    Str: 22    XL:     9   Next: 16%
Magic:  2/14       EV:  6    Int:  8    God:    the Shining One [***...]
Gold:   0          SH: 14    Dex: 17    Spells: 8/8 levels left

rFire   . . .      SeeInvis .   m - +1 broad axe (vorpal)
rCold   . . .      Faith    .   c - +0 buckler
rNeg    + . .      Spirit   .   p - +0 plate armour
rPois   .          Reflect  .   (no helmet)
rElec   .          Harm     .   o - +0 cloak
rCorr   .          Rampage  .   n - +0 pair of gloves
Will    .....      NoTele   +   (no boots)
Stlth   ..........              (no amulet)
HPRegen 0.25/turn               q - +3 ring of strength
MPRegen 0.14/turn               r - +3 ring of dexterity

@: mighty, lethally poisoned (-4 -> -15), divinely shielded, hasted, glowing,
very quick
A: no striking features
a: Renounce Religion, Divine Shield, Cleansing Flame


You were in the Dungeon.
You worshipped the Shining One.
The Shining One was most pleased with you.
You visited 1 branch

Inventory:

Hand Weapons
 b - a +0 shortbow
 m - a +1 vorpal broad axe (weapon)
Missiles
 a - 3 poisoned darts (quivered)
Armour
 c - a +0 buckler (worn)
 n - a +0 pair of gloves (worn)
 o - a +0 cloak (worn)
 p - a +0 plate armour (worn)
Jewellery
 q - a +3 ring of strength (left hand)
 r - a +3 ring of dexterity (right hand)
Wands
 k - a wand of roots (10)
Scrolls
 i - 2 scrolls of amnesia
 j - a scroll of blinking
Potions
 h - 4 potions of magic
 s - a potion of invisibility


   Skills:
 + Level 12.1 Fighting
 * Level 17.3 Axes
 + Level 11.2 Armour
 - Level 3.7 Shields
 + Level 7.3 Invocations


You had 8 spell levels left.
You didn't know any spells.
Your spell library was empty.

Dungeon Overview and Level Annotations

Branches:
Dungeon (1/1)

Altars:
Cheibriados
Dithmenos
Elyvilon
Fedhas
Gozag
Hepliaklqana
Kikubaaqudgha
Makhleb
Nemelex Xobeh
Okawaru
Qazlal
Ru
Sif Muna
Trog
Uskayaw
Vehumet
Wu Jian
Xom
Yredelemnul
Zin
The Shining One
Beogh
Jiyva
Lugonu


Message History

* * * LOW HITPOINT WARNING * * *
You feel better.
You hit the cyclops but do no damage.
The cyclops is severely wounded.
The cyclops hits you.
* * * LOW HITPOINT WARNING * * *
Activating: Cleansing Flame (30% risk of failure)
Press: ? - help, Dir - look around, f - activate The golden flame engulfs you but does no damage.
The golden flame engulfs the cyclops!
You kill the cyclops!
The golden flame engulfs the meliai!!
The meliai is almost dead.
You block the meliai's attack.
The meliai stings you but does no damage.
Your Fighting skill increases to level 12!
Your Axes skill increases to level 17!
Your Armour skill increases to level 11!
Your Invocations skill increases to level 7!
You have reached level 9!
Your experience leads to an increase in your attributes!
Your base attributes are Str 19, Int 8, Dex 12.
Increase (S)trength, (I)ntelligence, or (D)exterity?
You feel agile. x2
You don't have enough magic at the moment.
Unknown command.
Okay, then.
Your divine shield is renewed.
You block the meliai's attack. The meliai stings you.
* * * LOW HITPOINT WARNING * * *
You are lethally poisoned!
The meliai poisons you!
The meliai invokes the aid of its god against you.
Something smites you! The Shining One protects you from harm!
You feel yourself speed up.
* * * LOW HITPOINT WARNING * * *
You feel very sick.
The meliai hits you with a +0 war axe of electrocution!
You die...

▓▓▓▓▓▓▓▓▓▓▓▓▓▓▓▓▓▓▓
▓..'CyOB..'.....)).
▓y▓▓▓▓▓▓▓▓▓▓▓▓▓▓▓▓▓
▓.@.......
▓▓▓▓▓▓▓▓▓▓


You could see a meliai.

Vanquished Creatures
  A cyclops (D)
  A moth of wrath (shapeshifter) (D)
  A kobold demonologist (D)
  A slime creature (D)
  A vampire (D)
  A yak (D)
  An ogre (D)
  A centaur (D)
  A kobold brigand (D)
  2 scorpions (D)
  A wight (D)
  A hound (D)
  An orc (D)
  A bat (D)
  An endoplasm (D)
  2 goblins (D)
  A rat (D)
19 creatures vanquished.

Notes
Turn   | Place    | Note
-------+----------+-------------------------------------------
     0 | D        | 112233 the Hill Orc Fighter began the quest for the Orb.
     0 | D        | Reached XP level 1. HP: 19/19 MP: 1/1
    10 | D        | Reached skill level 3 in Axes
   178 | D        | Noticed an ogre
   178 | D        | Noticed a hound
   178 | D        | Noticed a scorpion
   178 | D        | Noticed a scorpion
   184 | D        | Killed a scorpion
   185 | D        | Reached skill level 5 in Fighting
   185 | D        | Reached skill level 7 in Axes
   185 | D        | Reached skill level 5 in Armour
   185 | D        | Reached XP level 2. HP: 30/30 MP: 2/2
   185 | D        | Reached XP level 3. HP: 37/37 MP: 3/3
   185 | D        | Reached XP level 4. HP: 44/44 MP: 4/4
   195 | D        | Killed a scorpion
   196 | D        | Reached skill level 9 in Axes
   196 | D        | Reached XP level 5. HP: 39/51 MP: 5/5
   204 | D        | Killed an ogre
   205 | D        | Reached skill level 11 in Axes
   205 | D        | Reached XP level 6. HP: 31/61 MP: 6/6
   436 | D        | Found a roughly hewn altar of Beogh.
   436 | D        | Found a snail-covered altar of Cheibriados.
   436 | D        | Found a shadowy altar of Dithmenos.
   436 | D        | Found a white marble altar of Elyvilon.
   436 | D        | Found a blossoming altar of Fedhas.
   436 | D        | Found an opulent altar of Gozag.
   437 | D        | Found a hazy altar of Hepliaklqana.
   438 | D        | Found a viscous altar of Jiyva.
   439 | D        | Found an ancient bone altar of Kikubaaqudgha.
   440 | D        | Found a corrupted altar of Lugonu.
   441 | D        | Found a burning altar of Makhleb.
   442 | D        | Found a sparkling altar of Nemelex Xobeh.
   443 | D        | Found an iron altar of Okawaru.
   444 | D        | Found a stormy altar of Qazlal.
   445 | D        | Found a sacrificial altar of Ru.
   446 | D        | Found a shimmering blue altar of Sif Muna.
   447 | D        | Found a bloodstained altar of Trog.
   448 | D        | Found a hide-covered altar of Uskayaw.
   449 | D        | Found a radiant altar of Vehumet.
   450 | D        | Found an ornate altar of the Wu Jian Council.
   451 | D        | Found a shimmering altar of Xom.
   452 | D        | Found a basalt altar of Yredelemnul.
   453 | D        | Found a glowing silver altar of Zin.
   454 | D        | Found a glowing golden altar of the Shining One.
   462 | D        | Became a worshipper of the Shining One
   527 | D        | Noticed a yak
   527 | D        | Noticed a vampire
   527 | D        | Reached * piety under the Shining One
   527 | D        | Noticed a kobold demonologist
   527 | D        | Reached ** piety under the Shining One
   537 | D        | Killed a kobold demonologist
   538 | D        | Reached skill level 13 in Axes
   538 | D        | Reached XP level 7. HP: 65/71 MP: 7/7
   544 | D        | Reached skill level 10 in Fighting
   544 | D        | Reached skill level 14 in Axes
   550 | D        | Reached skill level 1 in Invocations
   556 | D        | Killed a vampire
   557 | D        | Reached skill level 15 in Axes
   559 | D        | Killed a yak
   560 | D        | Reached skill level 10 in Armour
   560 | D        | Reached XP level 8. HP: 67/81 MP: 6/11
   628 | D        | Noticed a cyclops
   628 | D        | Reached *** piety under the Shining One
   628 | D        | Noticed a meliai
   628 | D        | Noticed a two-headed ogre
   628 | D        | Noticed a jumping spider
   628 | D        | Noticed a boulder beetle
   628 | D        | Reached **** piety under the Shining One
   628 | D        | Noticed a slime creature
   628 | D        | Noticed a moth of wrath
   628 | D        | a jumping spider changed into a moth of wrath
   633 | D        | Killed a slime creature
   637 | D        | Killed a moth of wrath
   638 | D        | Reached skill level 16 in Axes
   654 | D        | HP: 4/83 [meliai/divine providence (16)]
   657 | D        | Killed a cyclops
   658 | D        | Reached skill level 17 in Axes
   658 | D        | Reached XP level 9. HP: 10/90 MP: 4/14
   658 | D        | The Shining One protects you from harm!
   659 | D        | Slain by a meliai

Illustrated notes

Levels and vault maps discovered:
D:        linesprint [early_d, line_temple, items_1, d_10, items_2, lair_1,
          lair_end, items_3, orc_1, orc_end, items_4, d_15, swamp_1, shoals_1,
          snake_1, spider_1, d_20, vaults_1, items_5, swamp_end, shoals_end,
          snake_end, spider_end, vaults_end, d_27, items_6, zot_1, zot_end,
          crypt_end, forest_end, elf_end, slime_end, tomb_end, abyss_end,
          pan_hell_end]

Skill      XL: |  1  2  3  4  5  6  7  8 |
---------------+-------------------------+-----
Fighting       | 5 6 8 9 10 12 | 12.1
Axes           | 7 9 11 13 15 17 | 17.3
Armour         | 5 6 7 8 10 11 | 11.2
Invocations    | 4 7 |  7.3
Shields        | |  3.7

Action                   |  1- 3 |  4- 6 |  7- 9 || total
-------------------------+-------+-------+-------++-------
Melee: War axe           |    25 |    19 |       ||    44
       Broad axe         |       |    10 |    31 ||    41
Invok: Divine Shield     |       |       |     3 ||     3
       Cleansing Flame   |       |       |     1 ||     1
  Use: Potion            |     1 |     1 |     9 ||    11
       Scroll            |       |       |     1 ||     1
Armor: Scale mail        |    14 |     2 |       ||    16
       Plate armour      |       |     5 |    18 ||    23
Dodge: Dodged            |    11 |     6 |     5 ||    22
Block: Buckler           |     2 |     5 |     8 ||    15
